 Dungeon Crawl Stone Soup version 0.29.1-14-g9c671dbff4 (webtiles) character file.

Game seed: 4371350273351043272

528 leafyfresh the Ducker (level 7, -11/45 HPs)
             Began as a Djinni Ice Elementalist on Feb 17, 2023.
             Mangled by a two-headed ogre
             ... wielding a +0 giant club
              (14 damage)
             ... on level 5 of the Dungeon.
             The game lasted 00:05:42 (6008 turns).

leafyfresh the Ducker (Djinni Ice Elementalist)     Turns: 6008, Time: 00:05:43

Health: -11/45     AC: 11    Str:  7    XL:     7   Next: 48%
Gold:   194        EV: 14    Int: 19    God:
                   SH:  0    Dex: 13

rFire   + + .      SeeInvis .   q - +3 quarterstaff (chaos)
rCold   x . .      Faith    .   (shield currently unavailable)
rNeg    . . .      Spirit   .   a - +0 robe
rPois   ∞          Reflect  .   (no helmet)
rElec   .          Harm     .   r - +2 cloak
rCorr   .          Rampage  .   (no gloves)
Will    .....                   (boots unavailable)
Stlth   ++........              (no amulet)
HPRegen 0.15/turn               (no ring)
MPRegen 0.00/turn               (no ring)

@: ice-armoured, freezing walls, flying
A: sickness immunity, fire resistance 2, cold vulnerability 1, float, innate
caster, HP casting, extra vitality 1
a: no special abilities


You were on level 5 of the Dungeon.
You visited 1 branch of the dungeon, and saw 5 of its levels.

You collected 194 gold pieces.

Inventory:

Hand Weapons
 b - a +0 dagger
 l - a +1 hand axe of distortion
 q - a +3 quarterstaff of chaos (weapon)
Missiles
 s - 6 boomerangs
Armour
 a - a +0 robe (worn)
 k - a +0 cloak
 r - a +2 cloak (worn)
Jewellery
 n - a ring of fire
Scrolls
 c - a scroll of magic mapping {unknown}
 e - a scroll of noise {unknown}
 h - a scroll of teleportation {unknown}
 i - 2 scrolls of brand weapon {unknown}
 j - 4 scrolls of identify {unknown}
 v - a scroll of poison {unknown}
Potions
 d - a potion of ambrosia {unknown}
 f - a potion of magic {unknown}
 g - a potion of haste {unknown}
 m - a potion of attraction {unknown}
 o - a potion of heal wounds {unknown}
 p - a potion of mutation {unknown}
 t - 2 potions of cancellation {unknown}
 u - a potion of resistance {unknown}


   Skills:
 + Level 5.9 Dodging
 - Level 2.4 Stealth
 + Level 5.0 Spellcasting


You couldn't memorise any spells.
You knew the following spells:

 Your Spells              Type           Power      Damage    Failure   Level
a - Freeze                Ice            96%        1d11      1%          1
b - Frozen Ramparts       Ice            48%        1d8       4%          3
c - Ozocubu's Armour      Ice            24%        N/A       4%          3
d - Hailstorm             Conj/Ice       24%        3d7       16%         4
e - Magic Dart            Conj           96%        1d7       1%          1
f - Scorch                Fire           48%        2d7       2%          2
g - Tukima's Dance        Hex            24%        N/A       4%          3
Your spell library was empty.

Dungeon Overview and Level Annotations

Branches:
Dungeon (5/15)
 Temple: D:4-7

Altars:
Hepliaklqana


Innate Abilities, Weirdness & Mutations

You are immune to sickness and miasma.
You are immune to poison.
Your flesh is very heat resistant. (rF++)
You are vulnerable to cold. (rC-)
You float through the air rather than walking.
You learn spells naturally, not from books.
Your magical power is your life essence.
You have superior vitality. (+4 MHP)


Message History

The two-headed ogre is lightly wounded.
The two-headed ogre closely misses you. The two-headed ogre barely misses you.
Casting: Frozen Ramparts (dangerous; 4% risk of failure)
Confirm with . or Enter, or press ? or * to list all spells.
Casting: Frozen Ramparts (dangerous; 4% risk of failure)
Press: ? - help, Dir - look around, f - activate The walls around you are covered in ice.
The wall freezes the two-headed ogre.
The two-headed ogre misses you.
The two-headed ogre completely misses you.
Unknown command.
Casting: Frozen Ramparts (dangerous; 4% risk of failure)
Confirm with . or Enter, or press ? or * to list all spells.
Okay, then.
Casting: Frozen Ramparts (dangerous; 4% risk of failure)
Confirm with . or Enter, or press ? or * to list all spells.
Okay, then.
Casting: Frozen Ramparts (dangerous; 4% risk of failure)
Confirm with . or Enter, or press ? or * to list all spells.
Flames lash the two-headed ogre.
The two-headed ogre is moderately wounded.
The two-headed ogre's fire resistance burns away.
Unknown command.
Unknown command.
Casting: Scorch (safe; 2% risk of failure)
Confirm with . or Enter, or press ? or * to list all spells.
A film of ice covers your body!
The wall freezes the two-headed ogre but does no damage.
The two-headed ogre closely misses you.
The two-headed ogre hits you with a +0 giant club.
Unknown command.
Casting: Ozocubu's Armour (dangerous; 4% risk of failure)
Confirm with . or Enter, or press ? or * to list all spells.
Flames lash the two-headed ogre.
The two-headed ogre is burned terribly!
The two-headed ogre is heavily wounded.
The wall freezes the two-headed ogre but does no damage.
The two-headed ogre hits you with a +0 giant club!!
Ouch! That really hurt!
* * * LOW HITPOINT WARNING * * *
The two-headed ogre hits you with a +0 giant club!
You die...

..# # #.# #.
#.# #.###.##
#
.##......##.#
............+
#....O...#
#@## # ##.#
#. #.# #.#
##.# #.###.##
#...## ##.##
###.# #...#


You could see a two-headed ogre (combustible).

Vanquished Creatures
  3 scorpions
  An orc priest (D:3)
  Crazy Yiuf (D:3)
  2 iguanas
  2 orc wizards
  Robin (D:3)
  4 adders
  2 worms
  16 orcs
  8 ball pythons
  8 bats
  5 endoplasms
  2 giant cockroaches
  18 goblins
  6 hobgoblins
  2 jackals (D:1)
  4 kobolds
  5 quokkas
  5 frilled lizards
  27 rats
122 creatures vanquished.

Notes
Turn   | Place    | Note
-------+----------+-------------------------------------------
     0 | D:1      | leafyfresh the Djinni Ice Elementalist began the quest for
                  | the Orb.
     0 | D:1      | leafyfresh set off with the following spells memorised:
                  | Freeze, Frozen Ramparts, Ozocubu's Armour, Hailstorm.
     0 | D:1      | Reached XP level 1. HP: 15/15 MP: 0/0
   331 | D:1      | Reached XP level 2. HP: 6/21 MP: 0/0
   834 | D:1      | Reached XP level 3. HP: 12/25 MP: 0/0
   834 | D:1      | Learned a level 1 spell: Magic Dart
  2269 | D:2      | Reached XP level 4. HP: 28/31 MP: 0/0
  3063 | D:3      | Reached XP level 5. HP: 26/35 MP: 0/0
  3063 | D:3      | Learned a level 2 spell: Scorch
  3765 | D:3      | Noticed Robin
  3779 | D:3      | Killed Robin
  4165 | D:3      | Found a hazy altar of Hepliaklqana.
  4257 | D:3      | Found a runed translucent door.
  4258 | D:3      | Noticed Crazy Yiuf
  4474 | D:3      | Killed Crazy Yiuf
  4475 | D:3      | Reached XP level 6. HP: 20/40 MP: 0/0
  4924 | D:4      | Reached skill level 5 in Dodging
  5198 | D:4      | Reached XP level 7. HP: 33/45 MP: 0/0
  5198 | D:4      | Learned a level 3 spell: Tukima's Dance
  5808 | D:5      | Entered Level 5 of the Dungeon
  5875 | D:5      | Reached skill level 5 in Spellcasting
  6002 | D:5      | Noticed a two-headed ogre
  6008 | D:5      | Mangled by a two-headed ogre

Illustrated notes

Levels and vault maps discovered:
D:1:      onia_arrival_mini_maze_b, layout_rooms
D:2:      layout_loops_ring, minmay_rat_hole
D:3:      layout_loops_ring, lemuel_doored_altar, uniq_robin,
          uniq_crazy_yiuf_cottage
D:4:      layout_rooms
D:5:      layout_loops_corners, ashenzari_altar_1, mainiacjoe_overflow_alcove_1,
          kennysheep_cluttered_room, uniq_edmund, uniq_blork_the_orc,
          uniq_grinder, uniq_ijyb, uniq_menkaure

Skill      XL: |  1  2  3  4  5  6  7 |
---------------+----------------------+-----
Stealth        | 2 |  2.4
Dodging        | 3 4 5 |  5.9
Spellcasting   | 4 5 |  5.0

Action                   |  1- 3 |  4- 6 |  7- 9 || total
-------------------------+-------+-------+-------++-------
Melee: Unarmed           |     8 |       |       ||     8
       Dagger            |    57 |    72 |       ||   129
       Punch             |     1 |     3 |       ||     4
       Quarterstaff      |       |    18 |    10 ||    28
 Cast: Freeze            |    28 |     6 |     1 ||    35
       Magic Dart        |    17 |    24 |     5 ||    46
       Frozen Ramparts   |       |    14 |     4 ||    18
       Hailstorm         |       |     1 |     2 ||     3
       Scorch            |       |     2 |     8 ||    10
       Ozocubu's Armour  |       |     2 |     2 ||     4
 Stab: Sleeping          |     3 |     5 |       ||     8
Armor: Robe              |    23 |    17 |     4 ||    44
Dodge: Dodged            |    82 |    76 |    12 ||   170
